cohdb
Replays
Latest Replays
All Replays
Popular Replays
Top Player Replays
Match Explorer
How It Works
Community
CoH3 Stats
Reddit
Sign in to upload your games and track your stats! →
Sign in with Steam
Match 44254469
Unlisted
Match 44254469
Overview
Messages
Build Orders
End
Panzergrenadier Squad
Selects Armored Support Battlegroup
Kradschützen Motorcycle Team
250 Light Carrier
Panzergrenadier Squad
Construct Light Support Kompanie
Selects Superior Fire Drills
Selects Salvage Kits
Construct Mechanized Kompanie
Panzerjäger Mechanized Group
Veteran Squad Leaders
8 Rad Armored Car
Panzergrenadier Squad
Vehicle Survival Package
Construct Panzerarmee Kommand
Selects Flammpanzer III Medium Tank
bigcheese
DooWop
raven182
Cmdte. Canela
for the .....
Tim
Two Scars
Viperrexe
0
0
Comments
sign in to comment!
No comments posted yet!